| TOP OF THE 1ST |
|
Milwaukee Brewers batting - Pitching for Cleveland Spiders : RHP Vinny Mendoza
|
|
Pitching: RHP Vinny Mendoza
|
|
|
Batting: RHB Steve Sax
|
0-0: Called Strike 0-1: Ground out 6-3 (Groundball, 6, EV 79.4 MPH)
|
|
Batting: LHB Von Hayes
|
0-0: Ball 1-0: Called Strike 1-1: Swinging Strike 1-2: Fly out, F7 (Flyball, 7D, EV 90.6 MPH)
|
|
Batting: RHB Eric Davis
|
0-0: Ball 1-0: Reached on error, E4 (Groundball, 4, EV 105.0 MPH)
|
|
Batting: SHB Eddie Murray
|
0-0: Ball 1-0: 2-RUN HOME RUN (Flyball, 8RXD, EV 105.0 MPH), Distance : 435 ft
|
|
Batting: LHB Al Oliver
|
0-0: Ball 1-0: Ball 2-0: Called Strike 2-1: Fly out, F7 (Flyball, 78M, EV 88.1 MPH)
|
| Top of the 1st over - 2 runs, 1 hit, 1 error, 0 left on base; Milwaukee 2 - Cleveland 0 |
| BOTTOM OF THE 1ST |
|
Cleveland Spiders batting - Pitching for Milwaukee Brewers : RHP Luis Lopez
|
|
Pitching: RHP Luis Lopez
|
|
|
Batting: RHB Alan Trammell
|
0-0: Ball 1-0: Called Strike 1-1: Foul Ball, location: 2F 1-2: Strikes out swinging
|
|
Batting: SHB Bump Wills
|
0-0: Ball 1-0: Foul Ball, location: 2F 1-1: Ball 2-1: Ball 3-1: Ground out 4-3 (Groundball, 4D, EV 101.9 MPH)
|
|
Batting: SHB Salvador Perez
|
0-0: Called Strike 0-1: Ball 1-1: Ball 2-1: Ground out 4-3 (Groundball, 34, EV 108.1 MPH)
|
| Bottom of the 1st over - 0 runs, 0 hits, 0 errors, 0 left on base; Milwaukee 2 - Cleveland 0 |
| TOP OF THE 2ND |
|
Milwaukee Brewers batting - Pitching for Cleveland Spiders : RHP Vinny Mendoza
|
|
Batting: RHB Thurman Munson
|
0-0: Ball 1-0: Ground out 5-3 (Groundball, 56, EV 84.4 MPH)
|
|
Batting: RHB Mike Schmidt
|
0-0: Ball 1-0: Ball 2-0: Called Strike 2-1: Ball 3-1: Base on Balls
|
|
Batting: RHB Ken Landreaux
|
0-0: Fielders Choice at 2nd, 5-4 (Groundball, 56, EV 105.0 MPH)
|
|
Batting: SHB Alfredo Griffin
|
0-0: Ball Ken Landreaux is caught stealing 2nd base 2-6
|
| Top of the 2nd over - 0 runs, 0 hits, 0 errors, 0 left on base; Milwaukee 2 - Cleveland 0 |
| BOTTOM OF THE 2ND |
|
Cleveland Spiders batting - Pitching for Milwaukee Brewers : RHP Luis Lopez
|
|
Batting: RHB Clayton Elliott
|
0-0: Called Strike 0-1: Called Strike 0-2: Ball 1-2: Ball 2-2: Ground out 6-3 (Groundball, 6S, EV 71.9 MPH)
|
|
Batting: RHB Cressy Pratt
|
0-0: Reached on error, E6 (Groundball, 6, EV 87.5 MPH)
|
|
Batting: RHB Tom Brunansky
|
0-0: Ball 1-0: Called Strike 1-1: Ball 2-1: DOUBLE (Flyball, 8LXD, EV 109.4 MPH) Cressy Pratt to third Runner from 3rd tries for Home, SAFE, no throw by CF
|
|
Batting: RHB Kevin Bell
|
0-0: Called Strike 0-1: Ball 1-1: Ball 2-1: Foul Ball, location: 2F 2-2: Fly out, F4 (Popup, 4, EV 58.1 MPH)
|
|
Batting: RHB Lance Parrish
|
0-0: Ball 1-0: Called Strike 1-1: Ball 2-1: Called Strike 2-2: SINGLE (Line Drive, 89S, EV 94.4 MPH) Tom Brunansky to third Runner from 3rd tries for Home, SAFE, throw by CF to home
|
|
Batting: RHB Jesse Barfield
|
0-0: Ball 1-0: Foul Ball, location: 2F 1-1: Foul Ball, location: 2F 1-2: Ball 2-2: Ball 3-2: Ground out U3 (Groundball, 3L, EV 96.9 MPH)
|
| Bottom of the 2nd over - 2 runs, 2 hits, 1 error, 1 left on base; Milwaukee 2 - Cleveland 2 |
| TOP OF THE 3RD |
|
Milwaukee Brewers batting - Pitching for Cleveland Spiders : RHP Vinny Mendoza
|
|
Batting: SHB Alfredo Griffin
|
0-0: SINGLE (Line Drive, 6D, EV 95.0 MPH)
|
|
Batting: RHB Steve Sax
|
0-0: Ball 1-0: Ball Alfredo Griffin is caught stealing 2nd base 2-4 2-0: Foul Ball, location: 2F 2-1: Swinging Strike 2-2: Strikes out swinging
|
|
Batting: LHB Von Hayes
|
0-0: SINGLE (Groundball, 34S, EV 70.6 MPH) (infield hit)
|
|
Batting: RHB Eric Davis
|
0-0: Called Strike 0-1: Ground out 6-3 (Groundball, 6M, EV 83.8 MPH)
|
| Top of the 3rd over - 0 runs, 2 hits, 0 errors, 1 left on base; Milwaukee 2 - Cleveland 2 |
| BOTTOM OF THE 3RD |
|
Cleveland Spiders batting - Pitching for Milwaukee Brewers : RHP Luis Lopez
|
|
Batting: RHB Alan Trammell
|
0-0: Called Strike 0-1: Ground out 3-1 (Groundball, 34, EV 97.5 MPH)
|
|
Batting: SHB Bump Wills
|
0-0: Called Strike 0-1: Ball 1-1: Ground out 4-3 (Groundball, 4, EV 102.5 MPH)
|
|
Batting: SHB Salvador Perez
|
0-0: Fly out, F9 (Flyball, 9S, EV 88.8 MPH)
|
| Bottom of the 3rd over - 0 runs, 0 hits, 0 errors, 0 left on base; Milwaukee 2 - Cleveland 2 |
| TOP OF THE 4TH |
|
Milwaukee Brewers batting - Pitching for Cleveland Spiders : RHP Vinny Mendoza
|
|
Batting: SHB Eddie Murray
|
0-0: Called Strike 0-1: Called Strike 0-2: Ball 1-2: Strikes out swinging
|
|
Batting: LHB Al Oliver
|
0-0: Ball 1-0: Ball 2-0: Ball 3-0: Called Strike 3-1: Base on Balls
|
|
Batting: RHB Thurman Munson
|
0-0: Foul Ball, location: 2F 0-1: Swinging Strike 0-2: Fly out, F8 (Flyball, 8RD, EV 102.5 MPH)
|
|
Batting: RHB Mike Schmidt
|
0-0: Ball 1-0: Called Strike 1-1: Ball 2-1: Foul Ball, location: 2F 2-2: Ball 3-2: Base on Balls Al Oliver to second
|
|
Batting: RHB Ken Landreaux
|
0-0: Ball 1-0: Ground out 4-3 (Groundball, 4S, EV 86.9 MPH)
|
| Top of the 4th over - 0 runs, 0 hits, 0 errors, 2 left on base; Milwaukee 2 - Cleveland 2 |
| BOTTOM OF THE 4TH |
|
Cleveland Spiders batting - Pitching for Milwaukee Brewers : RHP Luis Lopez
|
|
Batting: RHB Clayton Elliott
|
0-0: Called Strike 0-1: Ball 1-1: Swinging Strike 1-2: Strikes out swinging
|
|
Batting: RHB Cressy Pratt
|
0-0: Called Strike 0-1: Called Strike 0-2: Ball 1-2: Strikes out looking
|
|
Batting: RHB Tom Brunansky
|
0-0: Swinging Strike 0-1: Ground out 4-3 (Groundball, 4M, EV 86.3 MPH)
|
| Bottom of the 4th over - 0 runs, 0 hits, 0 errors, 0 left on base; Milwaukee 2 - Cleveland 2 |
| TOP OF THE 5TH |
|
Milwaukee Brewers batting - Pitching for Cleveland Spiders : RHP Vinny Mendoza
|
|
Batting: SHB Alfredo Griffin
|
0-0: Called Strike 0-1: Foul Ball, location: 2F 0-2: Fly out, F7 (Line Drive, 7, EV 105.0 MPH)
|
|
Batting: RHB Steve Sax
|
0-0: Foul Ball, location: 2F 0-1: Called Strike 0-2: Ball 1-2: SINGLE (Groundball, 56, EV 110.6 MPH)
|
|
Batting: LHB Von Hayes
|
0-0: Ball Steve Sax steals 2nd base (no throw) 1-0: Ball 2-0: Foul Ball, location: 2F 2-1: Ball 3-1: SINGLE (Groundball, 4M, EV 77.5 MPH) (infield hit) Steve Sax to third
|
|
Batting: RHB Eric Davis
|
0-0: Ball 1-0: Ball 2-0: Foul Ball, location: 2F 2-1: Ball 3-1: Swinging Strike 3-2: Strikes out looking
|
|
Batting: SHB Eddie Murray
|
0-0: Ball 1-0: Called Strike 1-1: Called Strike 1-2: Foul Ball, location: 2F 1-2: Ball 2-2: Strikes out swinging, 2-3 out at first.
|
| Top of the 5th over - 0 runs, 2 hits, 0 errors, 2 left on base; Milwaukee 2 - Cleveland 2 |
| BOTTOM OF THE 5TH |
|
Cleveland Spiders batting - Pitching for Milwaukee Brewers : RHP Luis Lopez
|
|
Batting: RHB Kevin Bell
|
0-0: Ball 1-0: Ball 2-0: Called Strike 2-1: Ball 3-1: Foul Ball, location: 2F 3-2: Strikes out looking
|
|
Batting: RHB Lance Parrish
|
0-0: Foul Ball, location: 2F 0-1: Ball 1-1: Called Strike 1-2: Strikes out swinging
|
|
Batting: RHB Jesse Barfield
|
0-0: SINGLE (Groundball, 4D, EV 101.9 MPH)
|
|
Batting: RHB Alan Trammell
|
0-0: Called Strike 0-1: Swinging Strike 0-2: Foul Ball, location: 2F 0-2: Ball 1-2: Ball 2-2: Fly out, F9 (Flyball, 89S, EV 85.0 MPH)
|
| Bottom of the 5th over - 0 runs, 1 hit, 0 errors, 1 left on base; Milwaukee 2 - Cleveland 2 |
| TOP OF THE 6TH |
|
Milwaukee Brewers batting - Pitching for Cleveland Spiders : RHP Vinny Mendoza
|
|
Batting: LHB Al Oliver
|
0-0: Ball 1-0: Ball 2-0: Ball 3-0: Fly out, F2 (Popup, 2LF, EV 91.3 MPH)
|
|
Batting: RHB Thurman Munson
|
0-0: Ball 1-0: Foul Ball, location: 2F 1-1: Foul Ball, location: 2F 1-2: Foul Ball, location: 2F 1-2: Ball 2-2: Ball 3-2: Foul Ball, location: 2F 3-2: Strikes out swinging
|
|
Batting: RHB Mike Schmidt
|
0-0: Swinging Strike 0-1: Foul Ball, location: 2F 0-2: Ball 1-2: Strikes out swinging
|
| Top of the 6th over - 0 runs, 0 hits, 0 errors, 0 left on base; Milwaukee 2 - Cleveland 2 |
| BOTTOM OF THE 6TH |
|
Cleveland Spiders batting - Pitching for Milwaukee Brewers : RHP Luis Lopez
|
|
Batting: SHB Bump Wills
|
0-0: Swinging Strike 0-1: Ball 1-1: Ball 2-1: Ball 3-1: Called Strike 3-2: Foul Ball, location: 2F 3-2: Strikes out swinging
|
|
Batting: SHB Salvador Perez
|
0-0: Called Strike 0-1: Called Strike 0-2: Ball 1-2: Strikes out swinging
|
|
Batting: RHB Clayton Elliott
|
0-0: Ball 1-0: Ball 2-0: Ball 3-0: Base on Balls
|
|
Batting: RHB Cressy Pratt
|
0-0: Swinging Strike 0-1: Ball 1-1: Foul Ball, location: 2F 1-2: Foul Ball, location: 2F 1-2: Ball 2-2: Ground out 1-3 (Groundball, 13S, EV 66.3 MPH)
|
| Bottom of the 6th over - 0 runs, 0 hits, 0 errors, 1 left on base; Milwaukee 2 - Cleveland 2 |
| TOP OF THE 7TH |
|
Milwaukee Brewers batting - Pitching for Cleveland Spiders : RHP Vinny Mendoza
|
|
Batting: RHB Ken Landreaux
|
0-0: Called Strike 0-1: Ball 1-1: Foul Ball, location: 2F 1-2: Foul Ball, location: 2F 1-2: Ball 2-2: SINGLE (Groundball, 56D, EV 102.5 MPH)
|
|
Batting: SHB Alfredo Griffin
|
0-0: Ball 1-0: Bunted foul 1-1: Sac Bunt to P - play at first, batter OUT! 1-4 Ken Landreaux to second
|
|
Batting: RHB Steve Sax
|
0-0: Ground out 5-3 (Groundball, 56S, EV 77.5 MPH)
|
|
Batting: LHB Von Hayes
|
0-0: Ball 1-0: Called Strike 1-1: Foul Ball, location: 2F 1-2: Ball 2-2: Ball 3-2: Foul Ball, location: 2F 3-2: Base on Balls
|
|
Batting: RHB Eric Davis
|
0-0: Foul Ball, location: 2F 0-1: Called Strike 0-2: Ball 1-2: Fly out, F7 (Flyball, 7D, EV 105.6 MPH)
|
| Top of the 7th over - 0 runs, 1 hit, 0 errors, 2 left on base; Milwaukee 2 - Cleveland 2 |
| BOTTOM OF THE 7TH |
|
Cleveland Spiders batting - Pitching for Milwaukee Brewers : RHP Luis Lopez
|
|
Batting: RHB Tom Brunansky
|
0-0: Ball 1-0: SINGLE (Groundball, 34D, EV 105.0 MPH)
|
|
Batting: RHB Kevin Bell
|
0-0: Called Strike 0-1: Called Strike 0-2: Ball 1-2: Ball 2-2: Foul Ball, location: 2F 2-2: Fly out, F9 (Line Drive, 9D, EV 90.6 MPH)
|
|
Batting: RHB Lance Parrish
|
0-0: Called Strike 0-1: Ball 1-1: Foul Ball, location: 2F 1-2: Fly out, F8 (Line Drive, 8LM, EV 97.5 MPH)
|
|
Batting: RHB Jesse Barfield
|
0-0: Called Strike 0-1: Called Strike Tom Brunansky steals 2nd base 0-2: Foul Ball, location: 2F 0-2: Ball 1-2: Strikes out swinging
|
| Bottom of the 7th over - 0 runs, 1 hit, 0 errors, 1 left on base; Milwaukee 2 - Cleveland 2 |
| TOP OF THE 8TH |
|
Milwaukee Brewers batting - Pitching for Cleveland Spiders : RHP Vinny Mendoza
|
|
Pitching: RHP Omar Huaman
|
|
|
Batting: SHB Eddie Murray
|
0-0: Ground out 5-3 (Groundball, 56, EV 90.0 MPH)
|
|
Batting: LHB Al Oliver
|
0-0: Ball 1-0: Foul Ball, location: 2F 1-1: Ball 2-1: Foul Ball, location: 2F 2-2: SINGLE (Line Drive, 6MD, EV 96.9 MPH)
|
|
Batting: RHB Thurman Munson
|
0-0: Foul Ball, location: 2F 0-1: Called Strike 0-2: Ball 1-2: Foul Ball, location: 2F 1-2: Ball 2-2: Strikes out swinging
|
|
Batting: RHB Mike Schmidt
|
0-0: Ball 1-0: Foul Ball, location: 2F 1-1: Swinging Strike 1-2: Fly out, F8 (Flyball, 8RD, EV 91.3 MPH)
|
| Top of the 8th over - 0 runs, 1 hit, 0 errors, 1 left on base; Milwaukee 2 - Cleveland 2 |
| BOTTOM OF THE 8TH |
|
Cleveland Spiders batting - Pitching for Milwaukee Brewers : RHP Luis Lopez
|
|
Pitching: RHP Carlos Martinez
|
|
|
Batting: RHB Alan Trammell
|
0-0: Ball 1-0: Called Strike 1-1: Foul Ball, location: 2F 1-2: Ball 2-2: Ball 3-2: Foul Ball, location: 2F 3-2: Base on Balls
|
|
Batting: SHB Bump Wills
|
0-0: Swinging Strike 0-1: SINGLE (Groundball, 4D, EV 93.8 MPH) Alan Trammell to second Runner from 2nd tries for 3rd, SAFE, throw by CF made to third
|
|
Batting: SHB Salvador Perez
|
0-0: Called Strike 0-1: Ball 1-1: Ball 2-1: Called Strike 2-2: Ball 3-2: Base on Balls Bump Wills to second
|
|
Batting: RHB Clayton Elliott
|
0-0: Ball 1-0: Ball 2-0: Foul Ball, location: 2F 2-1: Foul Ball, location: 2F 2-2: Fly out, F7 (Flyball, 78S, EV 85.6 MPH)
|
|
Batting: RHB Cressy Pratt
|
0-0: Called Strike 0-1: Foul Ball, location: 2F 0-2: Strikes out swinging
|
|
Batting: RHB Tom Brunansky
|
0-0: Ball 1-0: Ball 2-0: Foul Ball, location: 2F 2-1: Foul Ball, location: 2F 2-2: Foul Ball, location: 2F 2-2: Ball 3-2: Fly out, F3 (Popup, 23F, EV 83.8 MPH)
|
| Bottom of the 8th over - 0 runs, 1 hit, 0 errors, 3 left on base; Milwaukee 2 - Cleveland 2 |
| TOP OF THE 9TH |
|
Milwaukee Brewers batting - Pitching for Cleveland Spiders : RHP Omar Huaman
|
|
Batting: RHB Ken Landreaux
|
0-0: Ball 1-0: Ball 2-0: Swinging Strike 2-1: Ball 3-1: Ground out 6-3 (Groundball, 56, EV 95.0 MPH)
|
|
Pinch Hitting: LHB Denny Walling
|
0-0: Ball 1-0: Ball 2-0: Ground out U3 (Groundball, 3S, EV 76.9 MPH)
|
|
Batting: RHB Steve Sax
|
0-0: Foul Ball, location: 2F 0-1: Ball 1-1: Fly out, F9 (Flyball, 9S, EV 95.6 MPH)
|
| Top of the 9th over - 0 runs, 0 hits, 0 errors, 0 left on base; Milwaukee 2 - Cleveland 2 |
| BOTTOM OF THE 9TH |
|
Cleveland Spiders batting - Pitching for Milwaukee Brewers : RHP Carlos Martinez
|
|
Now at 3B: Brian J Giles
|
|
|
Batting: RHB Kevin Bell
|
0-0: Ball 1-0: Ground out 5-3 (Groundball, 56, EV 87.5 MPH)
|
|
Batting: RHB Lance Parrish
|
0-0: Ball 1-0: Called Strike 1-1: Foul Ball, location: 2F 1-2: Foul Ball, location: 2F 1-2: Reached on error, E4 (Popup, 4M, EV 72.5 MPH)
|
|
Batting: RHB Jesse Barfield
|
0-0: Ball 1-0: Ball 2-0: Ball 3-0: Called Strike 3-1: Foul Ball, location: 2F 3-2: Foul Ball, location: 2F 3-2: Base on Balls Lance Parrish to second
|
|
Pitching: LHP Jordan Ortiz
|
|
|
Batting: RHB Alan Trammell
|
0-0: Called Strike 0-1: Swinging Strike 0-2: Strikes out looking
|
|
Batting: SHB Bump Wills
|
0-0: Called Strike 0-1: Ball 1-1: Foul Ball, location: 2F 1-2: Foul Ball, location: 2F 1-2: Fielders Choice at 2nd, 6-4 (Groundball, 6, EV 91.9 MPH)
|
| Bottom of the 9th over - 0 runs, 0 hits, 1 error, 2 left on base; Milwaukee 2 - Cleveland 2 |
| TOP OF THE 10TH |
|
Milwaukee Brewers batting - Pitching for Cleveland Spiders : RHP Omar Huaman
|
|
Batting: LHB Von Hayes
|
0-0: Ball 1-0: Foul Ball, location: 2F 1-1: Ball 2-1: Fly out, F8 (Flyball, 8RM, EV 94.4 MPH)
|
|
Batting: RHB Eric Davis
|
0-0: Ball 1-0: Swinging Strike 1-1: Called Strike 1-2: Ball 2-2: Ball 3-2: Foul Ball, location: 2F 3-2: Strikes out swinging
|
|
Batting: SHB Eddie Murray
|
0-0: Ball 1-0: Ball 2-0: Ball 3-0: Foul Ball, location: 2F 3-1: Foul Ball, location: 2F 3-2: Fly out, F7 (Flyball, 7LS, EV 79.4 MPH)
|
| Top of the 10th over - 0 runs, 0 hits, 0 errors, 0 left on base; Milwaukee 2 - Cleveland 2 |
| BOTTOM OF THE 10TH |
|
Cleveland Spiders batting - Pitching for Milwaukee Brewers : LHP Jordan Ortiz
|
|
Batting: SHB Salvador Perez
|
0-0: Ball 1-0: Ball 2-0: Ground out 4-3 (Groundball, 4S, EV 79.4 MPH)
|
|
Batting: RHB Clayton Elliott
|
0-0: Called Strike 0-1: Swinging Strike 0-2: Foul Ball, location: 2F 0-2: Ball 1-2: Ball 2-2: Foul Ball, location: 2F 2-2: Foul Ball, location: 2F 2-2: Fly out, F5 (Popup, 5SF, EV 74.4 MPH)
|
|
Batting: RHB Cressy Pratt
|
0-0: Ball 1-0: Ball 2-0: Swinging Strike 2-1: Fly out, F3 (Popup, 34, EV 73.8 MPH)
|
| Bottom of the 10th over - 0 runs, 0 hits, 0 errors, 0 left on base; Milwaukee 2 - Cleveland 2 |
| TOP OF THE 11TH |
|
Milwaukee Brewers batting - Pitching for Cleveland Spiders : RHP Omar Huaman
|
|
Pitching: RHP Steve McCatty
|
|
|
Batting: LHB Al Oliver
|
0-0: Ball 1-0: Called Strike 1-1: Foul Ball, location: 2F 1-2: Fly out, F7 (Flyball, 7S, EV 85.6 MPH)
|
|
Batting: RHB Thurman Munson
|
0-0: Ball 1-0: Ball 2-0: Foul Ball, location: 2F 2-1: Swinging Strike 2-2: Ball 3-2: Base on Balls
|
|
Batting: RHB Mike Schmidt
|
0-0: Called Strike 0-1: Ball 1-1: Called Strike 1-2: Ball 2-2: Ball 3-2: Ground out 4-3 (Groundball, 34, EV 105.0 MPH) Thurman Munson to second
|
|
Batting: RHB Ken Landreaux
|
0-0: Fly out, F7 (Flyball, 7D, EV 95.0 MPH)
|
| Top of the 11th over - 0 runs, 0 hits, 0 errors, 1 left on base; Milwaukee 2 - Cleveland 2 |
| BOTTOM OF THE 11TH |
|
Cleveland Spiders batting - Pitching for Milwaukee Brewers : LHP Jordan Ortiz
|
|
Batting: RHB Tom Brunansky
|
0-0: SINGLE (Groundball, 4MD, EV 105.6 MPH) (infield hit)
|
|
Batting: RHB Kevin Bell
|
0-0: Foul Ball, location: 2F 0-1: Swinging Strike 0-2: Ball Tom Brunansky steals 2nd base 1-2: Strikes out looking
|
|
Batting: RHB Lance Parrish
|
0-0: Swinging Strike 0-1: Ground out 6-3 (Groundball, 6, EV 103.8 MPH)
|
|
Batting: RHB Jesse Barfield
|
0-0: Fly out, F6 (Popup, P, EV 79.4 MPH)
|
| Bottom of the 11th over - 0 runs, 1 hit, 0 errors, 1 left on base; Milwaukee 2 - Cleveland 2 |
| TOP OF THE 12TH |
|
Milwaukee Brewers batting - Pitching for Cleveland Spiders : RHP Steve McCatty
|
|
Batting: RHB Brian J Giles
|
0-0: Called Strike 0-1: Ball 1-1: Fly out, F8 (Line Drive, 8LD, EV 90.6 MPH)
|
|
Batting: RHB Steve Sax
|
0-0: Ground out 5-3 (Groundball, 56, EV 83.8 MPH)
|
|
Batting: LHB Von Hayes
|
0-0: Swinging Strike 0-1: Foul Ball, location: 2F 0-2: Ball 1-2: Ball 2-2: Ball 3-2: Fly out, F8 (Flyball, 8LS, EV 91.9 MPH)
|
| Top of the 12th over - 0 runs, 0 hits, 0 errors, 0 left on base; Milwaukee 2 - Cleveland 2 |
| BOTTOM OF THE 12TH |
|
Cleveland Spiders batting - Pitching for Milwaukee Brewers : LHP Jordan Ortiz
|
|
Batting: RHB Alan Trammell
|
0-0: Called Strike 0-1: Ball 1-1: SOLO HOME RUN (Flyball, 7D, EV 93.1 MPH), Distance : 400 ft
|
| Bottom of the 12th over - 1 run, 1 hit, 0 errors, 0 left on base; Milwaukee 2 - Cleveland 3 |
|